 Dungeon Crawl Stone Soup version 0.32-a0-42-ga30500b4d3 (webtiles) character file.

Game seed: 6857992557652397048

98 iamserjio the Firebug (level 4, 0/24 HPs)
             Began as a Tengu Fire Elementalist on Feb 3, 2024.
             Splashed by a jelly's acid (6 damage)
             ... on level 6 of the Dungeon.
             The game lasted 00:05:50 (747 turns).

iamserjio the Firebug (Tengu Fire Elementalist)      Turns: 747, Time: 00:05:51

Health: 0/24       AC:  2    Str:  8    XL:     4   Next: 71%
Magic:  3/10       EV: 12    Int: 17    God:
Gold:   84         SH:  0    Dex: 15    Spells: 6/9 levels left

rFire   . . .        d - +0 hand axe
rCold   . . .        (no shield)
rNeg    . . .        a - +0 robe
rPois   .            (helmet restricted)
rElec   .            (no cloak)
rCorr   .            (no gloves)
SInv    .            (boots unavailable)
Will    .....        (no amulet)
Stlth   ++           (no ring)
HPRegen 0.24/turn    (no ring)
MPRegen 0.12/turn

%: acrobat
@: mighty, invisible
A: beak, talons 3, acrobatic
a: no special abilities


You were on level 6 of the Dungeon.
You visited 1 branch of the dungeon, and saw 6 of its levels.

You collected 84 gold pieces.

Inventory:

Hand Weapons
 d - a +0 hand axe (weapon)
 j - a +2 trident of freezing
Missiles
 e - 6 poisoned darts
Armour
 a - a +0 robe (worn)
 i - a +2 ring mail of poison resistance
Scrolls
 c - a scroll of butterflies {unknown}
 f - 2 scrolls of revelation {unknown}
 h - a scroll of noise {unknown}
 k - a scroll of fog {unknown}
 l - a scroll of identify {unknown}
Potions
 b - a potion of magic
 g - a potion of invisibility


   Skills:
 - Level 2.1 Dodging
 - Level 2.0 Stealth
 + Level 3.3 Spellcasting
 - Level 1.3 Conjurations
 + Level 4.7 Fire Magic


You had 6 spell levels left.
You knew the following spells:

 Your Spells              Type           Power      Damage    Failure   Level
a - Foxfire               Conj/Fire      52%        2x1d6     4%          1
b - Scorch                Fire           38%        2d6       3%          2

Your spell library contained the following spells:

 Spells                   Type           Power      Damage    Failure   Level
 Inner Flame              Hex/Fire       10%        N/A       19%         3
 Volatile Blastmotes      Fire/Tloc      20%        2d11      19%         3
 Flame Wave               Conj/Fire      13%        2d6       43%         4
 Tukima's Dance           Hex            2%         N/A       45%         3
 Iskenderun's Mystic Bla  Conj/Tloc      5%         2d3       77%         4
 Dimensional Bullseye     Hex/Tloc       1%         N/A       86%         4


Dungeon Overview and Level Annotations

Branches:
Dungeon (6/15) Zot: 26996
 Temple: D:4-7

Altars:

Annotations:
D:5 Edmund


Innate Abilities, Weirdness & Mutations

You have a beak for a mouth.
You have claws for feet.
You can magically evade attacks while moving or waiting.


Message History

You feel very mighty all of a sudden.
A jelly comes into view.
Edmund misses you.
It was a potion of invisibility.
You fade into invisibility!
Edmund barely misses you.
A dart slug comes into view.
Found a stone staircase leading down.
You see here a potion of invisibility.
g - a potion of invisibility Edmund closely misses you.
Found a runed trident.
The jelly jiggles.
A hound comes into view.
The hound barks!
An orc comes into view. It is wielding a +0 whip.
An orc wizard and an orc come into view.
You see here a +2 trident of freezing.
j - a +2 trident of freezing Edmund barely misses you.
The jelly attacks as it pursues you! The jelly barely misses you.
The jelly attacks as it pursues you! The jelly completely misses you.
The jelly attacks as it pursues you! The jelly completely misses you.
There is a stone staircase leading down here.
The jelly hits you.
* * * LOW HITPOINT WARNING * * *
You are splashed with acid!
* * * LOW HITPOINT WARNING * * *
You climb downwards.
Found 9 stones and 11 gold pieces.
There is a stone staircase leading up here.
The jelly completely misses you. The jelly attacks as it pursues you!
The jelly misses you.
Casting: Foxfire (safe; 4% risk of failure) Flames lash the jelly.
The jelly's fire resistance burns away.
You hear a shout! x3
The jelly hits you.
* * * LOW HITPOINT WARNING * * *
You are splashed with acid.
You die...

.. #o #.. #.$
#.o. #
###..o#####.#
........J@(.#
....o..<....#
............#
###...####..#
#... .....
#.# ..... #.
#####. #


You could see a jelly (combustible) and 2 orcs.

Vanquished Creatures
  A hound (D:4)
  2 adders
  3 dart slugs
  2 ribbon worms
  2 orcs (D:3)
  4 bats
  2 endoplasms
  A giant cockroach (D:1)
  2 goblins (D:3)
  6 hobgoblins
  2 quokkas (D:1)
  3 ball pythons
  A frilled lizard (D:1)
  4 kobolds
  2 rats
37 creatures vanquished.

Vanquished Creatures (collateral kills)
  A foxfire (D:1)
1 creature vanquished.

Vanquished Creatures (others)
  57 foxfires
57 creatures vanquished.

Grand Total: 95 creatures vanquished

Notes
Turn   | Place    | Note
-------+----------+-------------------------------------------
     0 | D:1      | iamserjio the Tengu Fire Elementalist began the quest for
                  | the Orb.
     0 | D:1      | Reached XP level 1. HP: 10/10 MP: 4/4
    66 | D:1      | Found a faded altar of an unknown god.
   154 | D:1      | Reached XP level 2. HP: 15/15 MP: 6/6
   304 | D:1      | Learned a level 2 spell: Scorch
   408 | D:2      | Reached skill level 4 in Fire Magic
   408 | D:2      | Reached XP level 3. HP: 19/19 MP: 5/8
   694 | D:4      | Reached XP level 4. HP: 24/24 MP: 4/9
   720 | D:5      | Entered Level 5 of the Dungeon
   720 | D:5      | Noticed Edmund
   747 | D:6      | Splashed by a jelly's acid

Illustrated notes

Levels and vault maps discovered:
D:1:      lightli_arrival_maybe_door_vault, layout_loops_ring,
          shapermc_ecumenical_altar_mp_highgroup, serial_forest,
          infiniplex_forest_clump_curved, infiniplex_forest_pool,
          infiniplex_forest_straight_4, infiniplex_forest_straight_2,
          infiniplex_forest_diagonal, infiniplex_forest_lined_room_2,
          infiniplex_forest_diagonal
D:2:      layout_basic
D:3:      layout_basic
D:4:      layout_rooms, minmay_temple_entry_glassed_door, serial_bayou_pond_b,
          nicolae_wormholes, uniq_eustachio
D:5:      layout_loops_ring, serial_aquarium, aquarium_bridge_straight
          [aquarium_subvault_bridge, aquarium_subvault_wall,
          aquarium_subvault_bridge, aquarium_subvault_wall], aquarium_window_1,
          aquarium_window_2, aquarium_window_1, aquarium_view_2b,
          aquarium_view_2d, minmay_quadrilaterals, uniq_edmund, uniq_pikel
D:6:      layout_loops_cross, roderic_filled_cross,
          kennysheep_opposing_triangles, uniq_maggie

Skill      XL: |  1  2  3 |
---------------+----------+-----
Fire Magic     | 4 |  4.7
Spellcasting   | 3 |  3.3
Dodging        | |  2.1
Stealth        | |  2.0
Conjurations   | |  1.3

Action                     |  1- 3 |  4- 6 || total
---------------------------+-------+-------++-------
  Melee: Hand axe          |    25 |     6 ||    31
         Kick              |     6 |     1 ||     7
         Peck              |     7 |     1 ||     8
         Unarmed           |     1 |       ||     1
   Cast: Foxfire           |    33 |     1 ||    34
         Scorch            |     7 |     3 ||    10
    Use: Potion            |       |     2 ||     2
   Stab: Distracted        |     1 |       ||     1
         Sleeping          |     1 |       ||     1
 Armour: Robe              |    13 |     7 ||    20
  Dodge: Dodged            |    43 |    16 ||    59

Table legend: (Time is in decaauts)
 A = Elapsed time spent in this place.
 B = Non-inter-level travel time spent in this place.
 C = Inter-level travel time spent in this place.
 D = Time resting spent in this place.
 E = Time spent auto-exploring this place.
 F = Levels seen in this place.
 G = Mean time per level.
                   A        B        C        D        E       F      G
               +--------+--------+--------+--------+--------+-----+--------+
         Total |    755 |    711 |     44 |      0 |     16 |   6 |  125.8 |
       Dungeon |    755 |    711 |     44 |      0 |     16 |   6 |  125.8 |
               +--------+--------+--------+--------+--------+-----+--------+

Top non-repeatable levels by time:
     D:1: 363 daAuts
     D:2: 175 daAuts
     D:3: 150 daAuts
     D:4: 40 daAuts
     D:5: 23 daAuts
     D:6: 2 daAuts
